 Dungeon Crawl Stone Soup version 0.25-a0-890-g62861fb (webtiles) character file.

Game seed: 2884973576618537343, levelgen mode: deterministic

118538 Faca the Warrior (level 16, -6/191 HPs)
             Began as an Ogre Fighter on May 11, 2020.
             Was the Champion of Okawaru.
             Mangled by a wolf spider (12 damage)
             ... on level 3 of the Spider Nest.
             The game lasted 01:00:54 (33592 turns).

Faca the Warrior (Ogre Fighter)                    Turns: 33592, Time: 01:00:55

Health: -6/191     AC:  8    Str: 31    XL:     16   Next: 77%
Magic:  23/23      EV: 14    Int:  9    God:    Okawaru [******]
Gold:   800        SH: 24    Dex: 16    Spells: 15/15 levels left

rFire    + + +     SeeInvis .   e - +11 trident of the Equator {vamp, rF+++}
rCold    . . .     Gourm    .   E - +0 tower shield
rNeg     + . .     Faith    .   u - +4 robe "Xetesali" {rN+ Dex+6}
rPois    +         Spirit   .   b - +0 hat {MR+}
rElec    .         Reflect  +   G - +0 cloak {rPois}
rCorr    +         Harm     .   (gloves unavailable)
MR       +++..     Rnd*Rage +   (boots unavailable)
Stlth    +.........             I - +3 amulet of reflection
HPRegen  0.41/turn              y - ring of resist corrosion
MPRegen  0.18/turn              N - ring of protection from magic

@: no status effects
A: large, unfitting armour, hooves 1, agile 1, berserk 1, strong 1, tough skin 1
a: Heroism, Finesse, Renounce Religion


You were on level 3 of the Spider Nest.
You worshipped Okawaru.
Okawaru was exalted by your worship.
You were not hungry.

You visited 5 branches of the dungeon, and saw 27 of its levels.

You collected 2489 gold pieces.
You spent 1689 gold pieces at shops.

Inventory:

Hand Weapons
 e - the +11 trident of the Equator (weapon) {vamp, rF+++}
   (Okawaru gifted it to you on level 6 of the Lair of Beasts)

   It inflicts no extra harm, but heals its wielder when it wounds a living foe.
   It renders you almost immune to fire.
Missiles
 a - 13 javelins
 i - 38 boomerangs (quivered)
 H - a throwing net
 M - 19 large rocks
 R - 6 silver javelins
Armour
 b - a +0 hat of magic resistance (worn)
 u - the +4 robe "Xetesali" (worn) {rN+ Dex+6}
   (You bought it in a shop on level 4 of the Dungeon)

   It affects your dexterity (+6).
   It protects you from negative energy.
 x - a scarf of resistance
 E - a +0 tower shield (worn)
 G - a +0 cloak of poison resistance (worn)
 J - a +2 cloak of magic resistance
Jewellery
 y - a ring of resist corrosion (left hand)
 A - an uncursed ring of protection from cold
 I - a +3 amulet of reflection (around neck)
 N - a ring of protection from magic (right hand)
Wands
 c - a wand of clouds (10)
 l - a wand of digging (14)
 q - a wand of iceblast (1)
 D - a wand of disintegration (5)
 K - a wand of acid (4)
 Q - a wand of flame (6)
Scrolls
 h - 4 scrolls of fog
 j - 6 scrolls of enchant weapon
 k - 5 scrolls of magic mapping
 n - 5 scrolls of immolation
 p - 12 scrolls of remove curse
 t - 8 scrolls of teleportation
 F - 9 scrolls of identify
 L - a scroll of holy word
 O - a scroll of summoning
 P - 5 scrolls of enchant armour
Potions
 d - 5 potions of might
 g - 8 potions of flight
 m - 3 potions of invisibility
 o - a potion of cancellation
 r - 5 potions of curing
 s - 4 potions of resistance
 w - 4 potions of berserk rage
 z - 6 potions of lignification
 B - 3 potions of haste
 U - 2 potions of ambrosia
Comestibles
 f - 46 rations


   Skills:
 + Level 19.6 Fighting
 + Level 15.6 Polearms
 + Level 7.9 Throwing
 - Level 7.2 Dodging
 + Level 12.6 Shields
 - Level 10.0 Invocations


You had 15 spell levels left.
You didn't know any spells.
Your spell library contained the following spells:

 Spells                   Type           Power        Failure   Level  Hunger
 Animate Skeleton         Necr           N/A          54%         1    ##.....
 Apportation              Tloc           #.....       54%         1    ##.....
 Beastly Appendage        Tmut           #.....       54%         1    ##.....
 Freeze                   Ice            #...         54%         1    ##.....
 Magic Dart               Conj           #...         54%         1    ##.....
 Pain                     Necr           #...         54%         1    ##.....
 Summon Butterflies       Summ           #.......     54%         1    ##.....
 Summon Small Mammal      Summ           #...         54%         1    ##.....
 Call Imp                 Summ           #.......     69%         2    ###....
 Searing Ray              Conj           #.....       69%         2    ###....
 Sticks to Snakes         Tmut           #.......     69%         2    ###....
 Call Canine Familiar     Summ           #.......     89%         3    ####...
 Confusing Touch          Hex            #.......     89%         3    ####...
 Dazzling Flash           Conj/Hex       #.....       89%         3    ####...
 Frozen Ramparts          Ice            #.....       89%         3    ####...
 Gell's Gravitas          Tloc           #.........   89%         3    ####...
 Lesser Beckoning         Tloc           #.........   89%         3    ####...
 Ozocubu's Armour         Chrm/Ice       #.......     89%         3    ####...
 Spider Form              Tmut/Pois      #.........   89%         3    ####...
 Static Discharge         Conj/Air       #.......     89%         3    ####...
 Summon Guardian Golem    Hex/Summ       #.......     89%         3    ####...
 Tukima's Dance           Hex            #.......     89%         3    ####...
 Vampiric Draining        Necr           #.........   89%         3    ####...
 Animate Dead             Necr           N/A          100%        4    #####..
 Fulminant Prism          Conj/Hex       #.........   100%        4    #####..
 Hailstorm                Conj/Ice       #.......     100%        4    #####..
 Ice Form                 Ice/Tmut       #.......     100%        4    #####..
 Iskenderun's Mystic Bla  Conj/Tloc      #.......     100%        4    #####..
 Petrify                  Tmut/Erth      #.......     100%        4    #####..
 Summon Ice Beast         Ice/Summ       #.......     100%        4    #####..
 Summon Lightning Spire   Summ/Air       #.......     100%        4    #####..
 Agony                    Necr           #.......     100%        5    ######.
 Alistair's Intoxication  Tmut/Pois      #.......     100%        5    ######.
 Blade Hands              Tmut           #.........   100%        5    ######.
 Lightning Bolt           Conj/Air       #.........   100%        5    ######.
 Metabolic Englaciation   Hex/Ice        #.........   100%        5    ######.
 Yara's Violent Unravell  Hex/Tmut       #.........   100%        5    ######.
 Invisibility             Hex            #.......     100%        6    #######
 Haunt                    Necr/Summ      #.........   100%        7    #######
 Borgnjor's Revivificati  Necr           #.........   100%        8    #######
 Death's Door             Chrm/Necr      #.........   100%        8    #######
 Ignition                 Fire           #.........   100%        8    #######
 Infestation              Necr           #.........   100%        8    #######
 Necromutation            Tmut/Necr      #.........   100%        8    #######
 Shatter                  Erth           #.........   100%        9    #######
 Tornado                  Air            #.........   100%        9    #######


Dungeon Overview and Level Annotations

Branches:
Dungeon (15/15)            Temple (1/1) D:4            Lair (6/6) D:10
  Swamp (0/4) Lair:2       Spider (3/4) Lair:2        Slime (0/5) Lair:5
    Orc (2/2) D:11            Elf (0/3) Orc:2        Vaults (0/5) D:14
 Depths (0/5) D:15

Altars:
Ashenzari
Cheibriados
Dithmenos
Elyvilon
Fedhas
Gozag
Hepliaklqana
Kikubaaqudgha
Makhleb
Nemelex Xobeh
Okawaru
Qazlal
Ru
Sif Muna
Trog
Uskayaw
Vehumet
Wu Jian
Xom
Yredelemnul
Zin
The Shining One

Shops:
D:4 *   D:6 :!!   D:7 *   D:13 *   Orc:2 *:?[*


Innate Abilities, Weirdness & Mutations

You are too large for most types of armour.
You have tough skin. (AC +1)
You have large cloven feet.
You are agile. (Dex +2)
You tend to lose your temper in combat.
Your muscles are strong. (Str +2)


Message History

You block the wolf spider's attack. The jumping spider pounces on you!
* * * LOW HITPOINT WARNING * * *
The jumping spider closely misses you. You block the wolf spider's attack.
The wolf spider bites you.
* * * LOW HITPOINT WARNING * * *
You block the wolf spider's attack. The wolf spider barely misses you.
The demonic crawler misses you.
The demonic crawler hits you but does no damage.
You block the demonic crawler's attack. The wolf spider hits you!
* * * LOW HITPOINT WARNING * * *
The wolf spider closely misses you.
You feel better.
You block the jumping spider's attack. x2
The wolf spider hits you!
* * * LOW HITPOINT WARNING * * *
You block the wolf spider's attack. The wolf spider barely misses you.
The wolf spider bites you but does no damage.
You block the demonic crawler's attack. x2; The demonic crawler hits you.
* * * LOW HITPOINT WARNING * * *
The wolf spider hits you!
You die...

### . #.## ..
#^.### ## ..#
##...# ####.##....
#^...###^#........
#.#..#.^#ss.!#....
##.<..^#.@s.......
##......ss#......
##..s..^........
##.s..##......#
##s#.........#
#............#
#......#.....#.
##............
#........#...


You could see a demonic crawler, 3 wolf spiders, 3 orb spiders and a jumping
spider.

Vanquished Creatures
  2 orc warlords
  2 entropy weavers
  An ettin (D:9)
  A spark wasp (Spider:2)
  Josephine (D:13)
  A fire dragon (D:10)
  The ghost of Kuemycka the Party-goer, a journeyman FeEE of Uskayaw (Lair:4)
  2 centaur warriors
  10 hydras
  3 two-headed ogres
  2 dancing weapons (D:13)
  Erica (D:10)
  12 death yaks
  4 orc high priests
  The ghost of simcity the Thaumaturge, a novice DECj of Sif Muna (Lair:1)
  A wizard (D:13)
  An unseen horror (D:15)
  2 orc knights (Orc:1)
  9 ugly things
  A wolf spider zombie (D:14)
  5 orb spiders
  2 deep elf magi (D:13)
  2 manticores
  2 cyclopes
  6 centaur zombies
  16 wolf spiders
  3 orc sorcerers
  A shining eye (shapeshifter) (D:15)
  A salamander (D:15)
  A moth of wrath (Spider:1)
  4 black mambas
  A black mamba (shapeshifter) (D:15)
  8 elephants
  2 gargoyles
  19 spiny frogs
  3 rime drakes
  9 demonic crawlers
  5 komodo dragons
  2 queen bees
  17 trolls
  A tengu conjurer (D:13)
  9 jumping spiders
  A hornet (shapeshifter) (D:15)
  A meliai (Lair:1)
  4 tyrant leeches (Lair:6)
  8 hornets
  22 blink frogs
  9 hippogriffs
  16 slime creatures
  11 tarantellas
  5 shadows
  32 redbacks
  11 yaks
  A vampire (D:11)
  4 wyverns
  A basilisk (shapeshifter) (D:15)
  5 wraiths
  A human (shapeshifter) (D:12)
  4 basilisks
  Eustachio (D:4)
  11 hungry ghosts
  Grum (D:10)
  10 vampire mosquitoes
  2 wargs
  13 water moccasins
  2 acid dragons
  5 porcupines
  6 ice beasts
  A black bear (D:12)
  33 orc warriors
  3 sky beasts
  2 eyes of draining
  11 wolves
  10 ogres
  2 phantoms
  5 centaurs
  15 crocodiles
  Blork the orc (D:4)
  2 big kobolds (D:12)
  37 bullfrogs
  A wyvern zombie (D:10)
  6 scorpions
  34 killer bees
  7 wights
  A howler monkey (D:4)
  3 electric eels
  10 crimson imps
  A quasit (D:7)
  A bullfrog zombie (D:5)
  8 hounds
  Crazy Yiuf (D:5)
  34 orc priests
  5 jellies
  39 orc wizards
  3 bullfrog skeletons
  4 centaur skeletons
  A gnoll shaman (D:6)
  Ijyb (D:5)
  Terence (D:3)
  5 iguanas
  8 worker ants
  A hound zombie (D:10)
  A hound skeleton (D:8)
  2 worker ant zombies
  3 gnolls (D:6)
  15 adders
  5 shadow imps
  2 oozes
  2 adder zombies
  An adder skeleton (D:4)
  4 worms
  4 dart slugs
  9 leopard geckos
  95 orcs
  3 giant cockroaches
  8 goblins
  8 hobgoblins
  17 jackals
  4 quokkas
  2 ball pythons
  4 bats
  3 frilled lizards
  9 kobolds
  A leopard gecko skeleton (D:5)
  2 leopard gecko zombies (D:5)
  7 rats
872 creatures vanquished.

Vanquished Creatures (others)
  A centaur warrior (D:14)
  A tarantella (Spider:2)
  A centaur (D:15)
  2 orcs
  10 fungi
  22 plants
37 creatures vanquished.

Grand Total: 909 creatures vanquished

Notes
Turn   | Place    | Note
-------+----------+-------------------------------------------
     0 | D:1      | Faca the Ogre Fighter began the quest for the Orb.
     0 | D:1      | Reached XP level 1. HP: 24/24 MP: 1/1
    76 | D:1      | Reached XP level 2. HP: 28/33 MP: 2/2
   911 | D:2      | Reached XP level 3. HP: 37/40 MP: 3/3
   919 | D:2      | You fall into a shaft and drop 1 floor!
   924 | D:3      | Noticed Terence
   949 | D:3      | Killed Terence
   949 | D:3      | Reached skill level 5 in Fighting
  1096 | D:3      | Reached XP level 4. HP: 12/50 MP: 4/4
  2237 | D:2      | Reached XP level 5. HP: 54/59 MP: 5/5
  2305 | D:2      | Reached skill level 6 in Fighting
  3053 | D:3      | Found a hazy altar of Hepliaklqana.
  3285 | D:4      | Reached XP level 6. HP: 68/68 MP: 6/6
  3297 | D:4      | Noticed a phantom
  3345 | D:4      | HP: 1/68 [phantom (10)]
  3688 | D:4      | Reached skill level 7 in Fighting
  3856 | D:4      | Reached skill level 5 in Polearms
  4071 | D:4      | Found Genev's Assorted Antiques.
  4079 | D:4      | Bought a scroll labeled POUG TIOTAPHE for 24 gold pieces
  4079 | D:4      | Bought an inky potion for 21 gold pieces
  4079 | D:4      | Bought a scroll labeled CAFUMO MYUBUA for 24 gold pieces
  4079 | D:4      | Bought a ripped robe for 136 gold pieces
  4089 | D:4      | Identified the +4 robe "Xetesali" {rN+ Dex+6} (You bought
                  | it in a shop on level 4 of the Dungeon)
  4090 | D:4      | Bought a scroll labeled CAFUMO MYUBUA for 24 gold pieces
  4097 | D:4      | Found a staircase to the Ecumenical Temple.
  4097 | D:4      | Noticed Blork the orc
  4126 | D:4      | Killed Blork the orc
  4126 | D:4      | Reached XP level 7. HP: 59/79 MP: 7/7
  4139 | Temple   | Entered the Ecumenical Temple
  4204 | D:4      | Noticed Eustachio
  4318 | D:4      | Killed Eustachio
  4318 | D:4      | Reached skill level 8 in Fighting
  4640 | D:4      | Reached skill level 9 in Fighting
  4642 | D:4      | Reached XP level 8. HP: 68/92 MP: 8/8
  5309 | D:5      | Entered Level 5 of the Dungeon
  5320 | D:5      | Noticed Ijyb
  5330 | D:5      | Killed Ijyb
  5412 | D:5      | Found a bloodstained altar of Trog.
  5417 | D:5      | Found a hide-covered altar of Uskayaw.
  5422 | D:5      | Found a sacrificial altar of Ru.
  5914 | D:5      | Reached skill level 10 in Fighting
  5931 | D:5      | Found a runed translucent door.
  5932 | D:5      | Noticed Crazy Yiuf
  5976 | D:5      | Killed Crazy Yiuf
  5983 | D:5      | Got a transparent mace
  5984 | D:5      | Identified the +9 mace "Hiemurgh" {drain, rF+ Str+5} (You
                  | found it on level 5 of the Dungeon)
  6433 | D:6      | Reached XP level 9. HP: 23/102 MP: 9/9
  6782 | D:6      | Found Kuotomim's Distillery.
  6891 | D:6      | Found Puent's Distillery.
  6961 | D:6      | Reached skill level 11 in Fighting
  7196 | D:6      | Found Podal's Book Shop.
  7708 | D:7      | Found an opulent altar of Gozag.
  7716 | D:7      | Found Gozag's Platinum Reserve.
  7821 | D:7      | Reached skill level 12 in Fighting
  8902 | D:8      | Found a snail-covered altar of Cheibriados.
  8904 | D:8      | Found a shattered altar of Ashenzari.
  8904 | D:8      | Found an iron altar of Okawaru.
  8907 | D:8      | Found a radiant altar of Vehumet.
  8921 | D:8      | Became a worshipper of Warmaster Okawaru
  9368 | D:8      | Reached XP level 10. HP: 93/117 MP: 10/10
  9477 | D:8      | Reached * piety under Okawaru
 10117 | D:9      | Noticed a manticore
 10127 | D:9      | Killed a manticore
 10145 | D:9      | Reached ** piety under Okawaru
 10145 | D:9      | Reached skill level 13 in Fighting
 10145 | D:9      | Reached skill level 10 in Polearms
 10705 | D:9      | Paralysed by a hornet for 2 turns
 10709 | D:9      | Paralysed by a hornet for 1 turns
 11264 | D:9      | Paralysed by a hornet for 2 turns
 11266 | D:9      | Reached skill level 5 in Dodging
 11266 | D:9      | Reached skill level 5 in Shields
 11275 | D:9      | HP: 5/119 [poisoned by a hornet]
 11282 | D:9      | HP: 4/119 [poisoned by a hornet]
 11289 | D:9      | HP: 4/119 [poisoned by a hornet]
 11297 | D:9      | HP: 5/119 [poisoned by a hornet]
 11843 | D:10     | Entered Level 10 of the Dungeon
 11843 | D:10     | Noticed a gargoyle
 12431 | D:10     | Noticed Grum
 12637 | D:10     | Killed Grum
 12771 | D:10     | Noticed Erica
 12779 | D:10     | Killed Erica
 12779 | D:10     | Reached XP level 11. HP: 85/127 MP: 11/11
 13022 | D:10     | Reached *** piety under Okawaru
 13024 | D:10     | Found a staircase to the Lair.
 13115 | D:10     | Noticed a red ugly thing
 13144 | D:9      | Killed a red ugly thing
 13277 | D:10     | Noticed a fire dragon
 13277 | D:10     | Noticed an ettin
 13344 | D:9      | Killed an ettin
 13344 | D:9      | Reached skill level 14 in Fighting
 13691 | D:10     | Paralysed by a hornet for 2 turns
 14109 | D:10     | Killed a fire dragon
 14109 | D:10     | Reached **** piety under Okawaru
 14254 | D:9      | Found a basalt altar of Yredelemnul.
 14469 | D:11     | Found a staircase to the Orcish Mines.
 15326 | D:12     | Found a bloodstained altar of Trog.
 15326 | D:12     | Noticed a white ugly thing
 15329 | D:12     | Noticed a centaur warrior
 15396 | Lair:1   | Entered Level 1 of the Lair of Beasts
 15534 | Lair:1   | Received a gift from Okawaru
 15915 | Lair:1   | Noticed simcity's ghost (novice DECj)
 15936 | Lair:1   | Found a transporter.
 16389 | Lair:2   | Found a hole to the Spider Nest.
 16404 | Lair:2   | Reached XP level 12. HP: 97/140 MP: 12/12
 16670 | Lair:2   | Reached ***** piety under Okawaru
 17031 | Lair:2   | Reached skill level 1 in Invocations
 18070 | Lair:2   | Received a gift from Okawaru
 18211 | Lair:2   | Found a staircase to the Swamp.
 18378 | Lair:3   | Identified the cursed +0 helmet of the Hunter {rElec Regen+
                  | SInv} (You found it on level 3 of the Lair of Beasts)
 18578 | Lair:3   | Reached skill level 15 in Fighting
 19128 | Lair:4   | Found a runed translucent door.
 19138 | Lair:4   | Noticed Kuemycka's ghost (journeyman FeEE)
 19181 | Lair:4   | Noticed an eight-headed hydra
 19190 | Lair:4   | Killed an eight-headed hydra
 19384 | Lair:4   | Noticed a six-headed hydra
 19401 | Lair:4   | Killed a six-headed hydra
 20366 | Lair:5   | Noticed a death yak
 20383 | Lair:5   | Killed a death yak
 20577 | Lair:5   | Received a gift from Okawaru
 20577 | Lair:5   | Reached skill level 5 in Invocations
 20705 | Lair:5   | Noticed a six-headed hydra
 20711 | Lair:5   | Killed a six-headed hydra
 20711 | Lair:5   | Reached ****** piety under Okawaru
 20711 | Lair:5   | Reached XP level 13. HP: 138/152 MP: 16/16
 21128 | Lair:5   | Found a staircase to the Slime Pits.
 21317 | Lair:6   | Entered Level 6 of the Lair of Beasts
 21783 | Lair:5   | Reached skill level 16 in Fighting
 22593 | Lair:6   | Received a gift from Okawaru
 22616 | Lair:6   | Identified the +11 trident of the Equator {vamp, rF+++}
                  | (Okawaru gifted it to you on level 6 of the Lair of Beasts)
 22840 | Lair:6   | Received a gift from Okawaru
 23009 | Lair:6   | Reached XP level 14. HP: 160/163 MP: 19/19
 23340 | Lair:6   | Reached skill level 10 in Shields
 23402 | Lair:6   | Reached skill level 17 in Fighting
 23822 | Lair:6   | Received a gift from Okawaru
 24293 | Orc:1    | Entered Level 1 of the Orcish Mines
 24977 | Orc:2    | Entered Level 2 of the Orcish Mines
 25003 | Orc:1    | Received a gift from Okawaru
 25346 | Orc:2    | Found Lielik's Magic Scroll Shoppe.
 25350 | Orc:2    | Found Hynajush's Book Shoppe.
 25357 | Orc:2    | Found Daeq's Assorted Antiques.
 25357 | Orc:2    | Found Tubbirph's Armour Emporium.
 25626 | Orc:2    | Noticed an orc warlord
 25661 | Orc:2    | Found a staircase to the Elven Halls.
 25964 | Orc:2    | Killed an orc warlord
 25964 | Orc:2    | Reached skill level 1 in Throwing
 26277 | Orc:2    | Found Iddur's Assorted Antiques.
 26398 | Orc:2    | Bought a +2 cloak of magic resistance for 322 gold pieces
 26433 | Orc:2    | Bought a scroll of enchant armour for 217 gold pieces
 26433 | Orc:2    | Bought a scroll of enchant weapon for 217 gold pieces
 26433 | Orc:2    | Bought a scroll of enchant weapon for 217 gold pieces
 26433 | Orc:2    | Bought a scroll of enchant armour for 217 gold pieces
 26433 | Orc:2    | Bought a scroll of enchant armour for 217 gold pieces
 26483 | Orc:1    | Noticed an orc warlord
 26912 | Orc:2    | Gained mutation: Your mind is acute. (Int +2) [a neqoxec]
 27103 | Orc:1    | Killed an orc warlord
 27308 | D:12     | Reached XP level 15. HP: 161/176 MP: 22/22
 27398 | D:12     | Reached skill level 10 in Invocations
 27451 | D:12     | Reached skill level 18 in Fighting
 27682 | D:12     | Received a gift from Okawaru
 28365 | D:13     | Received a gift from Okawaru
 28455 | D:13     | Found Gutex's Assorted Antiques.
 28463 | D:13     | Bought a fizzy golden potion for 25 gold pieces
 28463 | D:13     | Bought a scroll labeled XEMPIOFAMA for 28 gold pieces
 28677 | D:13     | Noticed Josephine
 28695 | D:13     | Killed Josephine
 29899 | D:14     | Found a gate to the Vaults.
 29986 | D:14     | Reached skill level 5 in Throwing
 30216 | D:14     | Received a gift from Okawaru
 30549 | D:15     | Entered Level 15 of the Dungeon
 30902 | D:15     | Reached XP level 16. HP: 177/188 MP: 23/23
 31054 | D:15     | Found a staircase to the Depths.
 31057 | D:15     | Reached skill level 15 in Polearms
 31059 | D:15     | Gained mutation: Armour fits poorly on your strangely
                  | shaped body. [a shining eye]
 31063 | D:15     | Gained mutation: Your magical capacity is low. (-10% MP) [a
                  | shining eye]
 31254 | D:15     | Lost mutation: Armour fits poorly on your strangely shaped
                  | body. [potion of mutation]
 31254 | D:15     | Lost mutation: Your magical capacity is low. (-10% MP)
                  | [potion of mutation]
 31254 | D:15     | Lost mutation: Your mind is acute. (Int +2) [potion of
                  | mutation]
 31254 | D:15     | Gained mutation: You tend to lose your temper in combat.
                  | [potion of mutation]
 31254 | D:15     | Gained mutation: You have large cloven feet. [potion of
                  | mutation]
 31254 | D:15     | Gained mutation: Your muscles are strong. (Str +2) [potion
                  | of mutation]
 31254 | D:15     | Gained mutation: You are agile. (Dex +2) [potion of
                  | mutation]
 31600 | Lair:1   | Found a transporter.
 31626 | Lair:1   | Reached skill level 19 in Fighting
 31643 | Lair:1   | Killed simcity's ghost
 31763 | Lair:4   | Killed Kuemycka's ghost
 31822 | Spider:1 | Entered Level 1 of the Spider Nest
 32277 | Spider:1 | Received a gift from Okawaru
 32295 | Spider:1 | You fall into a shaft and drop 1 floor!
 33592 | Spider:3 | HP: 6/191 [demonic crawler (5)]
 33592 | Spider:3 | Mangled by a wolf spider

Levels and vault maps discovered:
D:1:      roderic_octagonal_star, layout_basic
D:2:      layout_basic, grunt_decor_resistance, kennysheep_generic_room_13
D:3:      layout_loops_ring, nicolae_overflow_crystal_walls, uniq_terence
D:4:      layout_loops_ring, minmay_temple_entry_glass, serial_bayou,
          serial_bayou_shore_b, serial_bayou_pond_d, serial_bayou_pond_c,
          serial_bayou_ford_a, serial_bayou_shore_a, first_ration, serial_shops,
          nicolae_shop_stone, minmay_between, uniq_eustachio, uniq_blork_the_orc
D:5:      layout_loops_ring, grunt_temple_overflow_diamond,
          minmay_manual_monstrance, uniq_ijyb, uniq_crazy_yiuf_cottage
D:6:      layout_basic, serial_shops, shop, nicolae_shop_trees, shop
D:7:      layout_cave_pools, nicolae_gozag_zags_fifth_avenue, minmay_misc_feat_x
D:8:      layout_basic, grunt_temple_overflow_open
D:9:      layout_roguey, nicolae_overflow_hidden_temple, serial_curves,
          eino_curves_03, eino_curves_02, eino_curves_03
D:10:     minmay_shrinking_squares, layout_rooms, lair_entry_dummy,
          grunt_ogre_cave, uniq_grum, uniq_erica
D:11:     layout_basic, erik_orc_4
D:12:     cheibrodos_fzero, layout_loops_cross, basic_altar
D:13:     minmay_general_purpose_star, layout_loops_ring, serial_shops, shop,
          uniq_josephine
D:14:     layout_cross, erik_vaults_1, kennysheep_cluttered_room,
          chequers_arboretum, minmay_misc_feat_iff
D:15:     hangedman_depths_entry_try_elsewhere_first, layout_gridville,
          chequers_serial_rivers_marsh
Temple:   nicolae_temple_x_marks_the_god
Lair:1:   layout_hall_layers, gammafunk_ghost_hive
Lair:2:   layout_concentric_octagons, minmay_swamp_entry_worms,
          spider_nest_entry_webs, special_room [special_room_bee]
Lair:3:   layout_hall_layers, grunt_megastairs_5
Lair:4:   layout_roguey, ebering_ghost_inner_flame, lemuel_fruit_fields,
          lemuel_fruit_fields
Lair:5:   layout_cave_pods, slime_dummy, minivault_19, nzn_random_ring
Lair:6:   minmay_lair_end_frog_pond, layout_gridlike
Spider:1: layout_spider_delve
Spider:2: layout_spider_delve, nicolae_spider_webbed_stairs
Spider:3: layout_spider_delve, nicolae_orb_stairs, nicolae_spider_cling_ruins
Orc:1:    layout_caves
Orc:2:    st_orc_mages, layout_caves, serial_shops,
          nicolae_shop_overgrown_old_shop

Skill      XL: |  1  2  3  4  5  6  7  8  9 10 11 12 13 14 15 16 |
---------------+-------------------------------------------------+-----
Fighting       | 5 6 7 9 10 12 13 14 15 16 17 18 19 | 19.6
Polearms       | 3 4 5 6 8 9 10 11 12 13 14 15 | 15.6
Dodging        | 3 5 7 |  7.2
Shields        | 3 5 7 8 9 10 11 12 | 12.6
Invocations    | 5 7 9 10 | 10.0
Throwing       | 2 5 7 |  7.9

Action                   |  1- 3 |  4- 6 |  7- 9 | 10-12 | 13-15 | 16-18 || total
-------------------------+-------+-------+-------+-------+-------+-------++-------
Melee: Trident           |    99 |   273 |   523 |   966 |  1661 |   384 ||  3906
       Kick              |       |       |       |       |       |   145 ||   145
Invok: Heroism           |       |       |       |     4 |     3 |     2 ||     9
       Finesse           |       |       |       |       |     2 |     2 ||     4
Evoke: Wand              |       |       |     1 |     5 |     1 |     6 ||    13
       Phantom mirror    |       |       |       |     1 |       |       ||     1
  Use: Scroll            |     4 |     7 |     9 |     7 |     6 |     1 ||    34
       Potion            |       |     3 |     2 |     2 |     4 |     3 ||    14
 Stab: Sleeping          |     1 |       |     3 |     6 |     4 |     1 ||    15
       Distracted        |       |     1 |     1 |     1 |     2 |       ||     5
  Eat: Chunk             |     1 |     9 |    19 |    22 |    29 |     4 ||    84
       Ration            |       |       |       |     5 |     2 |     2 ||     9
Armor: Robe              |    18 |    59 |   127 |   127 |   132 |    57 ||   520
Dodge: Dodged            |    19 |    77 |    82 |   243 |   318 |   149 ||   888
Block: Kite shield       |    22 |   108 |    66 |       |       |       ||   196
       Tower shield      |       |       |   167 |   723 |  1067 |   402 ||  2359
       Reflection        |       |       |       |       |    11 |     1 ||    12

Table legend:
 A = Non-vault XP
 B = Vault XP
 C = Vault XP percentage of total XP
 D = Non-vault monster count
 E = Vault monster count
 F = Vault count percentage of total count
                 A         B        C        D         E       F
            +---------+---------+-------+---------+---------+-------
      Total |  122895 |   46446 |  27.4 |     648 |     227 |  25.9
            +---------+---------+-------+---------+---------+-------
        D:1 |      30 |       0 |   0.0 |      15 |       0 |   0.0
        D:2 |      83 |       1 |   1.2 |      26 |       1 |   3.7
        D:3 |     159 |      36 |  18.5 |      27 |       1 |   3.6
        D:4 |     590 |     309 |  34.4 |      22 |       4 |  15.4
        D:5 |     564 |     202 |  26.4 |      12 |       7 |  36.8
        D:6 |     638 |       0 |   0.0 |      22 |       0 |   0.0
        D:7 |    1148 |       0 |   0.0 |      29 |       0 |   0.0
        D:8 |    1505 |       0 |   0.0 |      32 |       0 |   0.0
        D:9 |    2747 |    2275 |  45.3 |      33 |       6 |  15.4
       D:10 |    1490 |    2629 |  63.8 |      24 |      11 |  31.4
       D:11 |    2382 |     446 |  15.8 |      17 |      15 |  46.9
       D:12 |    8874 |    4007 |  31.1 |      39 |      16 |  29.1
       D:13 |    8792 |    5379 |  38.0 |      31 |      12 |  27.9
       D:14 |    8888 |       0 |   0.0 |      29 |       0 |   0.0
       D:15 |    9292 |    2532 |  21.4 |      23 |       4 |  14.8
     Lair:1 |     965 |    2234 |  69.8 |       6 |      10 |  62.5
     Lair:2 |    2448 |    2251 |  47.9 |      15 |      27 |  64.3
     Lair:3 |    1167 |     411 |  26.0 |       5 |       1 |  16.7
     Lair:4 |    3094 |    1467 |  32.2 |      10 |       2 |  16.7
     Lair:5 |    9026 |    6269 |  41.0 |      22 |      20 |  47.6
     Lair:6 |   15555 |   10094 |  39.4 |      39 |      43 |  52.4
   Spider:1 |   13783 |       0 |   0.0 |      40 |       0 |   0.0
   Spider:2 |   16866 |       0 |   0.0 |      46 |       0 |   0.0
   Spider:3 |     980 |       0 |   0.0 |       2 |       0 |   0.0
      Orc:1 |    5574 |    2956 |  34.7 |      32 |      13 |  28.9
      Orc:2 |    6255 |    2948 |  32.0 |      50 |      34 |  40.5
            +---------+---------+-------+---------+---------+-------
